3L
MONTANA PANDAS @ ROCKY MOUNTAIN NUGGETS
06/15/2023
 
TOP OF THE 1ST
Montana Pandas batting - Pitching for Rocky Mountain Nuggets : LHP Alfonso Zapata
Pitching: LHP Alfonso Zapata
Batting: SHB Dave Orchard 0-0: Ball
1-0: Ball
2-0: Ball
3-0: Base on Balls
Batting: RHB Pancho Salaedo 0-0: Ball
1-0: Foul Ball, location: 2F
1-1: Foul Ball, location: 2F
1-2: Ball
2-2: Foul Ball, location: 2F
2-2: Ball
3-2: Strikes out swinging
Batting: LHB Luis Costello 0-0: Grounds into double play, 4-6-3 (Groundball, 34)
Top of the 1st over - 0 run(s), 0 hit(s), 0 error(s), 0 left on base; Montana 0 - Rocky Mountain 0
BOTTOM OF THE 1ST
Rocky Mountain Nuggets batting - Pitching for Montana Pandas : RHP Felipe Velázquez
Pitching: RHP Felipe Velázquez
Batting: RHB Mark Melton 0-0: Called Strike
0-1: Ball
1-1: Foul Ball, location: 2F
1-2: Ball
2-2: Foul Ball, location: 2F
2-2: DOUBLE (Line Drive, 7LM)
Batting: RHB Iván Vega 0-0: Ground out 5-3 (Groundball, 56)
Batting: LHB Juan Ríos 0-0: Called Strike
0-1: Ball
1-1: Ball
2-1: Ground out 3-1 (Groundball, 34)
Mark Melton to third
Batting: RHB David Verhoeve 0-0: Ball
1-0: Swinging Strike
1-1: Ball
2-1: Foul Ball, location: 2F
2-2: Strikes out swinging
Bottom of the 1st over - 0 run(s), 1 hit(s), 0 error(s), 1 left on base; Montana 0 - Rocky Mountain 0
TOP OF THE 2ND
Montana Pandas batting - Pitching for Rocky Mountain Nuggets : LHP Alfonso Zapata
Batting: RHB Pablo León 0-0: Called Strike
0-1: Ball
1-1: Fly out, F7 (Flyball, 78D)
Batting: LHB Mike Pace 0-0: Swinging Strike
0-1: Ball
1-1: Foul Ball, location: 2F
1-2: Ball
2-2: Foul Ball, location: 2F
2-2: Fly out, F4 (Popup, 3D)
Batting: RHB Lindsay Stewart 0-0: Ball
1-0: Foul Ball, location: 2F
1-1: Ball
2-1: Foul Ball, location: 2F
2-2: Foul Ball, location: 2F
2-2: Ground out 6-3 (Groundball, 6)
Top of the 2nd over - 0 run(s), 0 hit(s), 0 error(s), 0 left on base; Montana 0 - Rocky Mountain 0
BOTTOM OF THE 2ND
Rocky Mountain Nuggets batting - Pitching for Montana Pandas : RHP Felipe Velázquez
Batting: LHB Randy Bowen 0-0: Ball
1-0: SINGLE (Groundball, 34)
Batting: LHB Javier Sánchez 0-0: Ball
1-0: Called Strike
1-1: Ball
2-1: Foul Ball, location: 2F
2-2: Foul Ball, location: 2F
2-2: Fly out, F6 (Popup, 6D)
Batting: RHB Michael Riley 0-0: Ball
1-0: Ball
2-0: TRIPLE (Line Drive, 89D)
Randy Bowen scores
Batting: SHB Jorge Colomo 0-0: Foul Ball, location: 2F
0-1: Foul Ball, location: 2F
0-2: Ball
1-2: Strikes out swinging
Batting: RHB Juan Ávila 0-0: Ball
1-0: Ground out 4-3 (Groundball, 4)
Bottom of the 2nd over - 1 run(s), 2 hit(s), 0 error(s), 1 left on base; Montana 0 - Rocky Mountain 1
TOP OF THE 3RD
Montana Pandas batting - Pitching for Rocky Mountain Nuggets : LHP Alfonso Zapata
Batting: LHB Jake Shelton 0-0: Ground out 6-3 (Groundball, 6)
Batting: RHB Jean Chamissa 0-0: SINGLE (Line Drive, 4MD)
Batting: RHB Wilbur James 0-0: Ball
1-0: Called Strike
1-1: Ball
2-1: Ball
3-1: Called Strike
3-2: Fly out, F7 (Flyball, 7M)
Batting: SHB Dave Orchard 0-0: Ball
1-0: Ball
2-0: Ball
3-0: Base on Balls
Jean Chamissa to second
Batting: RHB Pancho Salaedo 0-0: Called Strike
0-1: Ball
1-1: Ball
2-1: Ball
3-1: Called Strike
3-2: Strikes out swinging
Top of the 3rd over - 0 run(s), 1 hit(s), 0 error(s), 2 left on base; Montana 0 - Rocky Mountain 1
BOTTOM OF THE 3RD
Rocky Mountain Nuggets batting - Pitching for Montana Pandas : RHP Felipe Velázquez
Batting: RHB Mark Melton 0-0: Ball
1-0: Ball
2-0: Foul Ball, location: 2F
2-1: Ground out 5-3 (Groundball, 5S)
Batting: RHB Iván Vega 0-0: Called Strike
0-1: Called Strike
0-2: Fly out, F9 (Flyball, 9LD)
Batting: LHB Juan Ríos 0-0: Called Strike
0-1: Foul Ball, location: 2F
0-2: Ball
1-2: SINGLE (Line Drive, 9S)
Batting: RHB David Verhoeve 0-0: Ball
Juan Ríos steals 2nd base
1-0: Foul Ball, location: 2F
1-1: Foul Ball, location: 2F
1-2: Foul Ball, location: 2F
1-2: Fly out, F8 (Flyball, 8LS)
Bottom of the 3rd over - 0 run(s), 1 hit(s), 0 error(s), 1 left on base; Montana 0 - Rocky Mountain 1
TOP OF THE 4TH
Montana Pandas batting - Pitching for Rocky Mountain Nuggets : LHP Alfonso Zapata
Batting: LHB Luis Costello 0-0: SINGLE (Groundball, 5D)
Batting: RHB Pablo León 0-0: Swinging Strike
0-1: Ball
1-1: Swinging Strike
1-2: Foul Ball, location: 2F
1-2: SINGLE (Groundball, 15S) (infield hit)
Luis Costello to second
Batting: LHB Mike Pace 0-0: Swinging Strike
0-1: Ball
1-1: Ball
2-1: Grounds into double play, 4-6-3 (Groundball, 4)
Luis Costello to third
Batting: RHB Lindsay Stewart 0-0: Called Strike
0-1: Foul Ball, location: 2F
0-2: Ball
1-2: Ball
2-2: DOUBLE (Line Drive, 7LM)
Luis Costello scores
Pinch Runner at 2nd Casey Bright:
Batting: LHB Jake Shelton 0-0: Called Strike
0-1: Swinging Strike
0-2: Ball
1-2: Foul Ball, location: 2F
1-2: Ground out 1-3 (Groundball, 34S)
Top of the 4th over - 1 run(s), 3 hit(s), 0 error(s), 1 left on base; Montana 1 - Rocky Mountain 1
BOTTOM OF THE 4TH
Rocky Mountain Nuggets batting - Pitching for Montana Pandas : RHP Felipe Velázquez
Now in RF: Casey Bright
Batting: LHB Randy Bowen 0-0: Fly out, F8 (Flyball, 8LD)
Batting: LHB Javier Sánchez 0-0: Ball
1-0: Ball
2-0: Ball
3-0: Swinging Strike
3-1: Foul Ball, location: 2F
3-2: Foul Ball, location: 2F
3-2: Strikes out looking
Batting: RHB Michael Riley 0-0: SINGLE (Line Drive, 9S)
Batting: SHB Jorge Colomo 0-0: Swinging Strike
0-1: Ball
1-1: Called Strike
1-2: Strikes out looking
Bottom of the 4th over - 0 run(s), 1 hit(s), 0 error(s), 1 left on base; Montana 1 - Rocky Mountain 1
TOP OF THE 5TH
Montana Pandas batting - Pitching for Rocky Mountain Nuggets : LHP Alfonso Zapata
Batting: RHB Jean Chamissa 0-0: Ball
1-0: Ball
2-0: Ball
3-0: SINGLE (Line Drive, 56D)
Batting: RHB Wilbur James 0-0: Ball
1-0: Fly out, F6 (Line Drive, 6)
Batting: SHB Dave Orchard 0-0: Ground out 5-3 (Groundball, 15S)
Jean Chamissa to second
Batting: RHB Pancho Salaedo 0-0: Foul Ball, location: 2F
0-1: Swinging Strike
0-2: DOUBLE (Line Drive, 9LM)
Jean Chamissa scores
Batting: LHB Luis Costello 0-0: Ball
1-0: SINGLE (Line Drive, 8RS)
Pancho Salaedo to third
Batting: RHB Pablo León 0-0: Called Strike
0-1: Ball
1-1: Fly out, F9 (Flyball, 9LM)
Top of the 5th over - 1 run(s), 3 hit(s), 0 error(s), 2 left on base; Montana 2 - Rocky Mountain 1
BOTTOM OF THE 5TH
Rocky Mountain Nuggets batting - Pitching for Montana Pandas : RHP Felipe Velázquez
Batting: RHB Juan Ávila 0-0: Foul Ball, location: 2F
0-1: Called Strike
0-2: Strikes out swinging
Batting: RHB Mark Melton 0-0: Called Strike
0-1: Ball
1-1: Ball
2-1: Ball
3-1: Base on Balls
Batting: RHB Iván Vega 0-0: Fly out, F8 (Flyball, 8LXD)
Batting: LHB Juan Ríos 0-0: Ball
1-0: Ball
2-0: Foul Ball, location: 2F
2-1: Called Strike
2-2: SINGLE (Flyball, 9S)
Mark Melton to second
Mark Melton to third
Batting: RHB David Verhoeve 0-0: Ball
1-0: 3-RUN HOME RUN (Flyball, 78XD), Distance : 419 ft
Batting: LHB Randy Bowen 0-0: Ball
1-0: Fly out, F7 (Flyball, 7S)
Bottom of the 5th over - 3 run(s), 2 hit(s), 0 error(s), 0 left on base; Montana 2 - Rocky Mountain 4
TOP OF THE 6TH
Montana Pandas batting - Pitching for Rocky Mountain Nuggets : LHP Alfonso Zapata
Batting: LHB Mike Pace 0-0: Called Strike
0-1: Ball
1-1: SINGLE (Line Drive, 9LM)
Batting: LHB Casey Bright 0-0: Ball
1-0: Ball
2-0: Called Strike
2-1: Foul Ball, location: 2F
2-2: Fly out, F6 (Popup, 56)
Batting: LHB Jake Shelton 0-0: Foul Ball, location: 2F
0-1: Ball
1-1: Ball
2-1: Ball
3-1: Grounds into double play, 4-6-3 (Groundball, 4)
Top of the 6th over - 0 run(s), 1 hit(s), 0 error(s), 0 left on base; Montana 2 - Rocky Mountain 4
BOTTOM OF THE 6TH
Rocky Mountain Nuggets batting - Pitching for Montana Pandas : RHP Felipe Velázquez
Pitching: RHP Eduardo Romero
Batting: LHB Javier Sánchez 0-0: Ball
1-0: Swinging Strike
1-1: Foul Ball, location: 2F
1-2: Ground out 4-3 (Groundball, 4)
Batting: RHB Michael Riley 0-0: Called Strike
0-1: Ball
1-1: SOLO HOME RUN (Flyball, 7D), Distance : 383 ft
Batting: SHB Jorge Colomo 0-0: Called Strike
0-1: Swinging Strike
0-2: Ball
1-2: Ball
2-2: Strikes out looking
Batting: RHB Juan Ávila 0-0: Ball
1-0: Ball
2-0: Ball
3-0: Called Strike
3-1: Foul Ball, location: 2F
3-2: Strikes out swinging
Bottom of the 6th over - 1 run(s), 1 hit(s), 0 error(s), 0 left on base; Montana 2 - Rocky Mountain 5
TOP OF THE 7TH
Montana Pandas batting - Pitching for Rocky Mountain Nuggets : LHP Alfonso Zapata
Batting: RHB Jean Chamissa 0-0: Ball
1-0: Fly out, F8 (Flyball, 8LM)
Batting: RHB Wilbur James 0-0: Called Strike
0-1: Ball
1-1: Foul Ball, location: 2F
1-2: SINGLE (Groundball, 34)
Batting: SHB Dave Orchard 0-0: Ball
1-0: Ball
2-0: Foul Ball, location: 2F
2-1: Ball
3-1: Called Strike
3-2: Foul Ball, location: 2F
3-2: Base on Balls
Wilbur James to second
Batting: RHB Pancho Salaedo 0-0: Ball
1-0: Ball
2-0: DOUBLE (Line Drive, 78XD)
Wilbur James scores
Dave Orchard to third
Runner from 3rd tries for Home, SAFE, no throw or cutoff
Pinch Hitting: RHB Henry Jones 0-0: Called Strike
0-1: Fly out, F7 (Flyball, 7M)
Batting: RHB Pablo León 0-0: Ball
1-0: SINGLE (Flyball, 89M)
Pancho Salaedo to third
Runner from 3rd tries for Home, SAFE, throw made home
Batting: LHB Mike Pace 0-0: Swinging Strike
0-1: Foul Ball, location: 2F
0-2: Ball
1-2: Foul Ball, location: 2F
1-2: Foul Ball, location: 2F
1-2: Ground out U3 (Groundball, 3)
Top of the 7th over - 3 run(s), 3 hit(s), 0 error(s), 1 left on base; Montana 5 - Rocky Mountain 5
BOTTOM OF THE 7TH
Rocky Mountain Nuggets batting - Pitching for Montana Pandas : RHP Eduardo Romero
Now at 3B: Henry Jones
Batting: RHB Mark Melton 0-0: Swinging Strike
0-1: Foul Ball, location: 2F
0-2: Strikes out swinging
Batting: RHB Iván Vega 0-0: Ball
1-0: Ball
2-0: Ball
3-0: Base on Balls
Batting: LHB Juan Ríos 0-0: Ball
1-0: Grounds into double play, U4-3 (Groundball, 4)
Bottom of the 7th over - 0 run(s), 0 hit(s), 0 error(s), 0 left on base; Montana 5 - Rocky Mountain 5
TOP OF THE 8TH
Montana Pandas batting - Pitching for Rocky Mountain Nuggets : LHP Alfonso Zapata
Pinch Hitting: LHB Steve Riggs 0-0: Ball
1-0: Called Strike
1-1: Foul Ball, location: 2F
1-2: Ball
2-2: Strikes out swinging
Batting: LHB Jake Shelton 0-0: Ball
1-0: Foul Ball, location: 2F
1-1: Swinging Strike
1-2: Fly out, F4 (Line Drive, 4)
Batting: RHB Jean Chamissa 0-0: Ball
1-0: Foul Ball, location: 2F
1-1: Called Strike
1-2: Foul Ball, location: 2F
1-2: Strikes out swinging, 2-3 out at first.
Top of the 8th over - 0 run(s), 0 hit(s), 0 error(s), 0 left on base; Montana 5 - Rocky Mountain 5
BOTTOM OF THE 8TH
Rocky Mountain Nuggets batting - Pitching for Montana Pandas : RHP Eduardo Romero
Now in RF: Steve Riggs
Batting: RHB David Verhoeve 0-0: Swinging Strike
0-1: Swinging Strike
0-2: Ball
1-2: Ball
2-2: Strikes out looking
Batting: LHB Randy Bowen 0-0: Ball
1-0: Ball
2-0: Foul Ball, location: 2F
2-1: Ground out 6-3 (Groundball, 56)
Batting: LHB Javier Sánchez 0-0: Ball
1-0: Ground out U3 (Groundball, 3)
Bottom of the 8th over - 0 run(s), 0 hit(s), 0 error(s), 0 left on base; Montana 5 - Rocky Mountain 5
TOP OF THE 9TH
Montana Pandas batting - Pitching for Rocky Mountain Nuggets : LHP Alfonso Zapata
Batting: RHB Wilbur James 0-0: Ball
1-0: Foul Ball, location: 2F
1-1: SINGLE (Groundball, 15) (infield hit)
Pitching: RHP Kenny Powers
Batting: SHB Dave Orchard 0-0: Called Strike
0-1: Foul Ball, location: 2F
0-2: Strikes out looking
Batting: RHB Pancho Salaedo 0-0: Foul Ball, location: 2F
0-1: Ground out 6-3 (Groundball, 6S)
Wilbur James to second
Pinch Hitting: LHB Tomás Guillén 0-0: Ball
1-0: Fly out, F9 (Flyball, 9D)
Top of the 9th over - 0 run(s), 1 hit(s), 0 error(s), 1 left on base; Montana 5 - Rocky Mountain 5
BOTTOM OF THE 9TH
Rocky Mountain Nuggets batting - Pitching for Montana Pandas : RHP Eduardo Romero
Now at 1B: Tomás Guillén
Batting: RHB Michael Riley 0-0: Foul Ball, location: 2F
0-1: Ball
1-1: Foul Ball, location: 2F
1-2: Strikes out looking
Pitching: LHP Tomás Galván
Pinch Hitting: RHB Mike Green 0-0: Called Strike
0-1: Ball
1-1: Foul Ball, location: 2F
1-2: Foul Ball, location: 2F
1-2: Ground out 6-3 (Groundball, 6)
Batting: RHB Juan Ávila 0-0: Called Strike
0-1: Ground out 6-3 (Groundball, 6)
Bottom of the 9th over - 0 run(s), 0 hit(s), 0 error(s), 0 left on base; Montana 5 - Rocky Mountain 5
TOP OF THE 10TH
Montana Pandas batting - Pitching for Rocky Mountain Nuggets : RHP Kenny Powers
Now at C: Quan Ge
Batting: RHB Pablo León 0-0: Ball
1-0: Called Strike
1-1: Ball
2-1: Ball
3-1: Swinging Strike
3-2: Foul Ball, location: 2F
3-2: Base on Balls
Batting: LHB Mike Pace 0-0: Grounds into double play, U4-3 (Groundball, 4)
Batting: LHB Steve Riggs 0-0: Called Strike
0-1: Ball
1-1: Ball
2-1: Ball
3-1: Base on Balls
Batting: LHB Jake Shelton 0-0: Ball
1-0: Ball
2-0: Ball
3-0: Base on Balls
Steve Riggs to second
Batting: RHB Jean Chamissa 0-0: Called Strike
0-1: Swinging Strike
0-2: SINGLE (Flyball, 8LS)
Steve Riggs to third
Jake Shelton to second
Runner from 3rd tries for Home, SAFE, no throw or cutoff
Batting: RHB Wilbur James 0-0: Called Strike
0-1: Called Strike
0-2: Strikes out swinging
Top of the 10th over - 1 run(s), 1 hit(s), 0 error(s), 2 left on base; Montana 6 - Rocky Mountain 5
BOTTOM OF THE 10TH
Rocky Mountain Nuggets batting - Pitching for Montana Pandas : LHP Tomás Galván
Pitching: RHP Aki Tanaka
Batting: RHB Mark Melton 0-0: Swinging Strike
0-1: Ball
1-1: DOUBLE (Line Drive, 7LM)
Batting: RHB Iván Vega 0-0: Ground out 6-3 (Groundball, 6M)
Mark Melton to third
Batting: LHB Juan Ríos 0-0: Ball
1-0: Called Strike
1-1: SINGLE (Line Drive, 4MD)
Mark Melton scores
Batting: RHB David Verhoeve 0-0: Called Strike
0-1: Ball
1-1: Ball
2-1: SINGLE (Line Drive, 6D)
Juan Ríos to second
Batting: LHB Randy Bowen 0-0: Swinging Strike
0-1: Foul Ball, location: 2F
0-2: Foul Ball, location: 2F
0-2: Fly out, F7 (Flyball, 7M)
Batting: LHB Javier Sánchez 0-0: Called Strike
0-1: Ball
1-1: Fly out, F8 (Flyball, 8RXD)
Bottom of the 10th over - 1 run(s), 3 hit(s), 0 error(s), 2 left on base; Montana 6 - Rocky Mountain 6
TOP OF THE 11TH
Montana Pandas batting - Pitching for Rocky Mountain Nuggets : RHP Kenny Powers
Pitching: RHP Jorge Garza
Batting: SHB Dave Orchard 0-0: Called Strike
0-1: Ball
1-1: Ball
2-1: Swinging Strike
2-2: Foul Ball, location: 2F
2-2: Ball
3-2: Strikes out swinging
Batting: RHB Pancho Salaedo 0-0: Called Strike
0-1: Fly out, F9 (Flyball, 89XD)
Batting: LHB Tomás Guillén 0-0: Ball
1-0: Called Strike
1-1: Ball
2-1: Fly out, F8 (Line Drive, 8RD)
Top of the 11th over - 0 run(s), 0 hit(s), 0 error(s), 0 left on base; Montana 6 - Rocky Mountain 6
BOTTOM OF THE 11TH
Rocky Mountain Nuggets batting - Pitching for Montana Pandas : RHP Aki Tanaka
Batting: RHB Michael Riley 0-0: SOLO HOME RUN (Flyball, 7D), Distance : 376 ft
This league is powered by Out of the Park Baseball, the baseball management simulation game for PC, Mac and Linux
Friday, July 8th, 2016 - OOTP Baseball 16.9 Build 39